Map: Proxima Station LE

Players

Mabadi - Winner!

  • Race: Terran Terran
  • League: Gold
  • Spawn Location: 1:00

BloodShot

  • Race: Zerg Zerg
  • League: Diamond
  • Spawn Location: 7:00

VOD

Have the link to the VOD?

Description

This is a custom build I created that was inspired by Maru and the 2,1,1 standard. it Is a similar build to 2,1,1 and looks the same without reactor on starport. The goal of the build is to push and cancel 3rd bases and slowly contain zerg whilst expanding to third and getting 1,1 ( not sure if in replay - may not be best one I have ) and then procceding to trade and push inwards from the initial push which is reinforced and drops containing marines and tanks.
Note: I Beat diamonds with this easily and I am a diamond 3 eu and a plat 1 (currently) NA player ( I have 20 games na though and I started silver 2 ) If you micro and macro well in synergy you should be able to get to plat/diamond easily and further onwards to masters.

Time

  • Played on: Jan. 28, 2017, 11:26 p.m.
  • Length: 13:11
Show
View Real Time Build Order
Export as new Build Order

Mabadi Terran - Winner!

Build Orders: Reaper Expand, Bio Tank 

Get SALT Encoding   

  12  0:00  SCV  
  13  0:13  SCV  
  14  0:19  Supply Depot  
  14  0:25  SCV  
  15  0:40  SCV  
  15  0:42  Barracks  
  16  0:44  Refinery  
  16  0:52  SCV  
  17  1:04  SCV  
  18  1:18  SCV  
  19  1:34  Orbital Command  
  19  1:35  Reaper  
  20  1:45  Command Center  
  20  1:57  Barracks  
  20  2:08  Supply Depot  
  20  2:13  SCV  
  21  2:17  Barracks Reactor  
  21  2:25  SCV  
  22  2:37  SCV  
  22  2:38  Refinery  
  23  2:44  Factory  
  23  2:50  SCV  
  24  2:59  Marine x2, Barracks Tech Lab  
  26  3:06  SCV  
  26  3:11  Orbital Command  
  27  3:19  Marine x3  
  30  3:21  Stimpack  
  30  3:29  SCV  
  30  3:32  Factory Tech Lab  
  31  3:35  Starport  
  31  3:38  Marine x3  
  34  3:51  SCV x2  
  36  3:57  Marine  
  36  3:58  Marine x2, Refinery  
  36  3:59  Siege Tank  
  42  4:06  SCV x2  
  44  4:17  Marine x2  
  44  4:23  Supply Depot  
  46  4:31  Refinery  
  46  4:42  Marine x2  
  46  4:43  Marine, Medivac, SCV x2  
  46  4:44  Siege Tank  
  56  4:47  Supply Depot  
  56  4:49  Supply Depot  
  56  4:55  SCV x2  
  56  4:58  Supply Depot  
  56  4:59  Supply Depot  
  57  5:07  SCV x2  
  57  5:09  Marine x3  
  62  5:19  Medivac  
  64  5:23  Supply Depot  
  64  5:26  SCV  
  64  5:27  SCV  
  66  5:45  Marine x3  
  66  5:47  Siege Tank  
  66  5:48  SCV x2  
  74  5:55  Engineering Bay, Armory  
  74  5:56  Engineering Bay  
  74  6:03  Marine x3  
  77  6:05  Medivac  
  77  6:08  SCV x2  
  81  6:21  Marine x2  
  78  6:43  Marine x3  
  78  6:44  Siege Tank, Medivac  
  78  6:46  Terran Infantry Weapons Level 1, Terran Infantry Armor Level 1, SCV  
  78  6:47  SCV  
  88  7:02  Command Center  
  75  7:19  Marine x3  
  75  7:20  Siege Tank, Medivac  
  75  7:22  SCV x2  
  81  7:25  Barracks  
  81  7:26  Barracks  
  81  7:37  Marine x2  
  81  7:43  Marine  
  84  7:50  Medivac  
  83  7:52  Siege Tank  
  83  7:55  Marine x2  
  88  8:06  Marine  
  88  8:08  SCV x2  
  91  8:13  Marine  
  91  8:14  Orbital Command  
  91  8:15  Combat Shields  
  91  8:17  Barracks Reactor x2  
  92  8:20  Factory, Medivac, Barracks  
  92  8:22  Marine  
  92  8:24  Siege Tank, Marine  
  99  8:27  SCV x2  
  99  8:30  Marine  
  93  8:44  Marine x2  
  93  8:45  SCV x2  
  93  8:47  Terran Infantry Armor Level 2, Terran Infantry Weapons Level 2  
  97  8:53  Missile Turret  
  97  8:55  Missile Turret  
  97  8:56  Siege Tank  
  97  8:58  SCV x3  
  103  9:04  Missile Turret  
  103  9:08  Marine x4  
  107  9:10  SCV x2  
  107  9:11  Barracks Reactor, Marine  
  107  9:13  Missile Turret  
  107  9:16  Missile Turret  
  107  9:28  Siege Tank  
  107  9:29  Marine x3  
  107  9:30  Marine x4  
  113  9:31  Factory Tech Lab  
  113  9:37  Missile Turret  
  107  9:49  Marine  
  107  9:50  Marine x2  
  107  9:52  Marine x3  
  113  9:53  Siege Tank  
  113  9:54  Starport Reactor  
  113  9:57  Starport  
  113  9:58  SCV x3  
  113  9:59  Supply Depot  
  119  10:00  Siege Tank  
  119  10:02  Refinery x2  
  122  10:10  SCV  
  109  10:22  Marine x4  
  109  10:23  Marine x5  
  109  10:25  Siege Tank  
  121  10:32  SCV x2  
  121  10:33  Siege Tank  
  126  10:40  Marine x2  
  126  10:41  Marine x4  
  126  10:42  Marine  
  133  10:44  Starport Reactor  
  133  10:46  Marine  
  133  10:47  Marine  
  133  10:48  Supply Depot  
  132  10:58  Marine x3  
  132  11:02  Command Center  
  118  11:12  Marine x4  
  118  11:13  Siege Tank x2  
  118  11:14  Medivac x2  
  129  11:19  Marine x3  
  129  11:22  Medivac  
  129  11:23  Medivac  
  133  11:42  Marine x4  
  133  11:43  Marine x5  
  133  11:44  Medivac  
  133  11:45  Siege Tank  
  140  11:49  Supply Depot  
  140  11:50  Supply Depot  
  140  11:51  Siege Tank  
  143  11:55  SCV x3  
  143  12:00  Marine  
  147  12:07  SCV  
  148  12:23  Orbital Command  
  148  12:26  Marine x4  
  148  12:27  Marine x5  
  148  12:28  Siege Tank  
  160  12:44  Marine  
Show
View Real Time Build Order
Export as new Build Order

BloodShot Zerg 

Build Orders: Hatch First, Muta Ling Bane 

Get SALT Encoding   

  12  0:09  Drone  
  13  0:17  Overlord  
  13  0:23  Drone  
  14  0:36  Drone  
  14  0:37  Drone  
  16  0:44  Drone  
  17  0:54  Drone  
  18  1:05  Hatchery  
  17  1:13  Drone  
  17  1:17  Drone  
  19  1:24  Spawning Pool  
  18  1:26  Drone, Extractor  
  18  1:35  Drone  
  19  1:49  Drone  
  20  1:56  Overlord  
  20  2:13  Queen  
  20  2:15  Zergling x2  
  22  2:19  Queen  
  25  2:22  Zergling x2  
  25  2:23  Zergling x2  
  25  2:26  Metabolic Boost  
  25  2:29  Drone  
  27  2:30  Drone  
  28  2:40  Drone x2  
  29  3:01  Drone  
  30  3:06  Drone  
  30  3:07  Drone x2  
  30  3:11  Drone  
  30  3:12  Baneling Nest  
  33  3:14  Overlord  
  33  3:23  Queen  
  33  3:25  Drone  
  33  3:27  Overlord  
  36  3:42  Overlord  
  36  3:44  Overlord  
  36  3:54  Drone  
  36  3:55  Drone x7  
  44  3:57  Overlord  
  44  4:01  Lair  
  44  4:03  Extractor  
  44  4:04  Drone x2  
  42  4:20  Zergling x4  
  44  4:30  Drone  
  44  4:31  Drone  
  46  4:32  Zergling x2  
  46  4:33  Zergling x4  
  49  4:41  Baneling  
  49  4:42  Baneling  
  49  4:43  Zergling x2  
  49  4:44  Zergling x6  
  53  5:06  Centrifical Hooks  
  53  5:17  Drone  
  53  5:19  Spire, Drone x6  
  59  5:23  Extractor  
  59  5:24  Extractor  
  59  5:28  Drone x3  
  60  5:34  Baneling x2, Hatchery  
  59  5:41  Drone  
  59  5:42  Drone x3  
  63  5:43  Evolution Chamber  
  63  5:44  Evolution Chamber  
  61  5:59  Overlord  
  61  6:00  Overlord x3  
  61  6:07  Spine Crawler  
  60  6:14  Zerg Ground Armor Level 1  
  60  6:16  Zerg Melee Weapons Level 1  
  60  6:18  Zergling x10  
  66  6:26  Zergling x2  
  66  6:27  Spine Crawler  
  66  6:33  Mutalisk  
  66  6:34  Mutalisk x2  
  66  6:36  Zergling x2  
  70  6:41  Baneling x3  
  70  6:42  Baneling x2  
  70  6:43  Zergling x2  
  70  6:44  Zergling x4  
  73  6:58  Baneling x2  
  73  7:00  Baneling x5  
  73  7:01  Baneling  
  63  7:15  Mutalisk x2  
  62  7:33  Mutalisk  
  62  7:34  Mutalisk, Hatchery  
  60  7:48  Mutalisk  
  60  7:57  Queen, Baneling Nest  
  61  8:00  Overlord x4  
  61  8:03  Zergling x12  
  67  8:05  Overlord x2  
  65  8:40  Zergling x2  
  65  8:41  Zergling x20  
  66  8:45  Baneling x3  
  71  8:58  Zergling x4  
  73  9:03  Baneling x9  
  73  9:04  Mutalisk, Zergling x2  
  68  9:43  Mutalisk x3  
  68  9:44  Mutalisk x2  
  72  9:57  Mutalisk x2  
  76  10:07  Zerg Melee Weapons Level 2  
  75  10:20  Baneling x4  
  73  10:22  Baneling x2  
  73  10:23  Zergling x12  
  61  11:05  Mutalisk x4  
  63  11:19  Zergling x2  
  63  11:20  Zergling x6  
  45  11:54  Drone  
  45  11:55  Drone x8  
  54  12:02  Hatchery  
  43  12:12  Zergling x2  
  43  12:13  Zergling x2  
  45  12:26  Zergling x4  
  45  12:27  Zergling x6  
  50  12:32  Baneling  
  50  12:33  Baneling x4  
  50  12:34  Baneling  
  50  12:35  Baneling x3  
  50  12:41  Zergling x8  
  50  12:42  Zergling x2  
Tags
 
Add a new tag
Caveats
  • Supply blocks, unpowered buildings, or Contaminate may cause inaccurate times.
  • Supply counts are checked every 10 seconds.